 Dungeon Crawl Stone Soup version 0.30.0-5-g1a98f26d00 (webtiles) character file.

Game seed: 7497563468523318979

7 Cheops the Ruffian (level 2, 0/26 HPs)
             Began as a Ghoul Monk on May 11, 2023.
             Slain by a ball python (2 damage)
             ... on level 1 of the Dungeon.
             The game lasted 00:00:15 (153 turns).

Cheops the Ruffian (Ghoul Monk)                      Turns: 153, Time: 00:00:15

Health: 0/26       AC:  2    Str: 14    XL:     2   Next: 4%
Magic:  1/1        EV: 12    Int:  5    God:
Gold:   16         SH:  0    Dex: 11    Spells: 1/1 levels left

rFire   . .          .
                       - Unarmed
rCold   + . .        c - orb {light}
rNeg    + + +        a - +0 robe
rPois   ∞            (no helmet)
rElec   .            (no cloak)
rCorr   .            (no gloves)
SInv    .            (no boots)
Will    .....        (no amulet)
Stlth   +            (no ring)
HPRegen 0.00/turn    (no ring)
MPRegen 0.07/turn

%: no passive effects
@: inhibited regen, glowing
A: claws 1, cold resistance 1, negative energy resistance 3, inhibited
regeneration, torment resistance 2, devour on kill
a: no special abilities


You were on level 1 of the Dungeon.
You visited 1 branch of the dungeon, and saw 1 of its levels.

You collected 16 gold pieces.

Inventory:

Armour
 a - a +0 robe (worn)
 c - an orb of light (worn)
 f - a +0 pair of boots
Scrolls
 d - a scroll of torment {unknown}
Potions
 b - a potion of ambrosia
 e - a potion of curing {unknown}


   Skills:
 - Level 3.2 Fighting
 - Level 2.6 Dodging
 + Level 3.9 Unarmed Combat


You had one spell level left.
You didn't know any spells.
Your spell library was empty.

Dungeon Overview and Level Annotations

Branches:
Dungeon (1/15)

Altars:


Innate Abilities, Weirdness & Mutations

You are immune to poison.
You have sharp fingernails.
Your flesh is cold resistant. (rC+)
You are immune to negative energy. (rN+++)
You do not regenerate when monsters are visible.
You are immune to unholy pain and torment.
You thrive by killing the living.


Message History

You scratch the goblin but do no damage.
The ball python completely misses you. The ball python grabs you.
The ball python constricts you. The bat hits you.
The goblin hits you but does no damage. The frilled lizard bites you.
* * * LOW HITPOINT WARNING * * *
The ball python bites you.
* * * LOW HITPOINT WARNING * * *
The ball python constricts you.
You completely miss the bat. The bat hits you but does no damage.
The goblin hits you but does no damage. The frilled lizard bites you.
* * * LOW HITPOINT WARNING * * *
The ball python bites you but does no damage.
The ball python constricts you.
* * * LOW HITPOINT WARNING * * *
You scratch the goblin.
The goblin is severely wounded.
The bat hits you.
* * * LOW HITPOINT WARNING * * *
The ball python barely misses you. The ball python constricts you.
* * * LOW HITPOINT WARNING * * *
The goblin barely misses you. The frilled lizard bites you.
* * * LOW HITPOINT WARNING * * *
You escape the ball python's grasp.
The frilled lizard attacks as you move away!
The frilled lizard misses you. The bat closely misses you. x2
The goblin hits you with a +0 dagger.
* * * LOW HITPOINT WARNING * * *
The bat barely misses you.
The ball python bites you but does no damage.
The ball python barely misses you. The goblin completely misses you.
The bat misses you. The ball python bites you.
* * * LOW HITPOINT WARNING * * *
The ball python closely misses you. The bat hits you.
* * * LOW HITPOINT WARNING * * *
Things that are here:
a +0 whip; 5 stones; a dart slug corpse The goblin attacks as you move away!
The goblin hits you but does no damage. The bat barely misses you.
The ball python bites you.
You die...

.......>.###############
#######.## #.# #.# #.#
#.# #.# #†# ..
#@#######...
#Sb.........
#gl.........
#...........
#...........
#####...........
.................
.................
....(............


You could see a goblin, a bat, a ball python and a frilled lizard.

Vanquished Creatures
  A dart slug (D:1)
  A bat (D:1)
  2 ball pythons (D:1)
  A frilled lizard (D:1)
  A kobold (D:1)
  A rat (D:1)
7 creatures vanquished.

Notes
Turn   | Place    | Note
-------+----------+-------------------------------------------
     0 | D:1      | Cheops the Ghoul Monk began the quest for the Orb.
     0 | D:1      | Reached XP level 1. HP: 19/19 MP: 0/0
   144 | D:1      | Reached XP level 2. HP: 17/26 MP: 1/1
   153 | D:1      | Slain by a ball python

Illustrated notes

Levels and vault maps discovered:
D:1:      co_arrival_random_square_maze, layout_basic

Action                     || total
---------------------------++-------
  Melee: Unarmed           ||    13
 Armour: Robe              ||     8
  Dodge: Dodged            ||    26
